 Dungeon Crawl Stone Soup version 0.29.0-4-gdea44cf6ec (webtiles) character file.

Game seed: 1526592826124699367

51996 qw the Severer (level 14, -8/132 HPs)
             Began as a Minotaur Berserker on Sept 4, 2022.
             Was a Priest of Trog.
             Mangled by a six-headed hydra (10 damage)
             ... summoned by an orange crystal statue
             ... on level 12 of the Dungeon.
             The game lasted 00:06:42 (21013 turns).

qw the Severer (Minotaur Berserker)                Turns: 21013, Time: 00:06:43

Health: -8/132     AC: 28    Str: 27    XL:     14   Next: 25%
Magic:  1/23       EV:  5    Int:  9    God:    Trog [***...]
Gold:   1265       SH: 12    Dex: 10    Spells: 13/13 levels left

rFire   . . .      SeeInvis .   c - -1 demon whip (venom)
rCold   + . .      Faith    .   m - +0 kite shield
rNeg    . . .      Spirit   .   u - +1 plate armour {rC+}
rPois   +          Reflect  .   d - +3 hat of Pondering {ponderous, Will+ MP+10 Int+5}
rElec   .          Harm     .   e - +1 cloak
rCorr   .          Rampage  .   (no gloves)
Will    ++...                   g - +1 pair of boots
Stlth   ..........              (no amulet)
HPRegen 0.32/turn               f - +4 ring of protection
MPRegen 0.18/turn               l - ring "Ritut" {Wiz rPois}

@: about to teleport, grasped by roots, on berserk cooldown, slowed,
constricted, very slow
A: horns 2, retaliatory headbutt
a: Renounce Religion, Berserk, Trog's Hand


You were on level 12 of the Dungeon.
You worshipped Trog.
Trog was most pleased with you.
You visited 2 branches of the dungeon, and saw 17 of its levels.

You collected 1425 gold pieces.
You spent 160 gold pieces at shops.


Innate Abilities, Weirdness & Mutations

You have a pair of horns on your head.
You reflexively headbutt those who attack you in melee.


   Skills:
 - Level 14.0 Fighting
 - Level 18.0 Axes
 - Level 6.0 Throwing
 + Level 12.0 Armour
 - Level 5.0 Dodging
 - Level 14.0 Shields


You had 13 spell levels left.
You didn't know any spells.
Your spell library was empty.

Inventory:

Hand Weapons
 c - a -1 demon whip of venom (weapon)
 Y - a +1 broad axe of draining
Missiles
 o - 4 boomerangs (quivered)
Armour
 d - the +3 hat of Pondering (worn) {ponderous, Will+ MP+10 Int+5}
   (You took it off Gastronok on level 9 of the Dungeon)

   Int:       It affects your intelligence (+5).
   MP:        It affects your magic capacity (+10).
   Will:      It increases your willpower.
 e - a +1 cloak (worn)
 g - a +1 pair of boots (worn)
 m - a +0 kite shield (worn)
 q - a +3 plate armour
 u - a +1 plate armour of cold resistance (worn)
Jewellery
 f - a +4 ring of protection (left hand)
 h - a ring of protection from fire
 l - the ring "Ritut" (right hand) {Wiz rPois}
   (You bought it in a shop on level 3 of the Dungeon)

   [ring of wizardry]

   It improves your spell success rate.
   rPois:     It protects you from poison.
 v - a +4 ring of evasion
Scrolls
 a - 3 scrolls of teleportation
 b - 7 scrolls of identify
Potions
 i - 4 potions of curing
 j - a potion of mutation
 k - 5 potions of haste
 n - a potion of heal wounds
 r - a potion of might
 t - 2 potions of resistance

Dungeon Overview and Level Annotations

Branches:
Dungeon (12/15)            Temple (0/1) D:5            Lair (5/5) D:9
  Swamp (0/4) Lair:3       Spider (0/4) Lair:3        Slime (0/5) Lair:4
    Orc (0/2) D:9

Altars:
Ashenzari
Dithmenos
Fedhas
Kikubaaqudgha
Makhleb
Okawaru
Qazlal
Ru
Sif Muna
Trog
Uskayaw
Vehumet
Wu Jian
Xom
Zin

Shops:
D:3 *   D:6 *(

Annotations:
D:4 1 runed translucent door, qw's ghost, amateur OgEn
D:7 1 runed translucent door, Crazy Yiuf
D:12 1 transporter, Frances; Jorgrun
Lair:3 3 runed translucent doors, 2 transporters, qw's ghost, journeyman FoCA


Message History

The six-headed hydra is heavily wounded.
Your skin stops crawling.
You feel less strong-willed.
Jorgrun points at you and mumbles some strange words.
Roots burst forth from the earth!
The grasping roots grab you! The grasping roots constrict you.
Frances, Duchess of Pandemonium comes into view.
She is wielding a +2 battleaxe of flaming.
The orange crystal statue fixes its piercing gaze on you.
Something tries to feed on your intellect!
The basilisk bites you but does no damage.
You block the centaur's attack. x2
The manticore bites you but does no damage.
The manticore claws you but does no damage. x2
The six-headed hydra bites you but does no damage. x2
The six-headed hydra barely misses you.
The six-headed hydra bites you but does no damage. x2
You block the six-headed hydra's attack.
You whack the six-headed hydra!
The six-headed hydra looks as sick as possible!
The six-headed hydra is heavily wounded.
You block the centaur's attack. x2; Jorgrun hits you with a staff of earth.
The grasping roots constrict you.
Frances says, "I command an army of devils.
What do you command?" The basilisk barely misses you.
The six-headed hydra bites you!
The six-headed hydra completely misses you.
You block the six-headed hydra's attack.
The six-headed hydra bites you but does no damage. x2
The six-headed hydra bites you! The manticore bites you!
The manticore claws you but does no damage.
You block the manticore's attack.
21013 ||| READING 4 scrolls of teleportation.
As you read the scroll of teleportation, it crumbles to dust.
You feel strangely unstable.
The centaur hits you but does no damage.
You block the centaur's attack. x2; The centaur barely misses you.
You block Jorgrun's attack. The grasping roots constrict you!
The orange crystal statue glitters.
The basilisk bites you. The six-headed hydra bites you.
The six-headed hydra bites you!
You die...

#......^.. ....
#........##....
#.............#.
#....$=$........
#..y$###$.......
#...:.8#}.......
##.y#lDc....# .
#...()@H....##...
#......g).>@....l
#.y...y.)........
#.......%.......
#...........?..
###.......#..#.?.
######.........
#.............
#####.####........


You could see Frances, Jorgrun, a six-headed hydra (summoned, extremely
poisoned), an orange crystal statue, a manticore (summoned), a basilisk
(summoned), 4 vampire mosquitoes and a centaur.

Vanquished Creatures
  Gastronok (D:9)
  5 hydras
  Erolcha (D:12)
  A boulder beetle (D:11)
  Erica (D:8)
  3 two-headed ogres
  4 death yaks (Lair:3)
  A catoblepas (Lair:1)
  Amaemon (Lair:1)
  A wolf spider (Lair:5)
  A manticore (D:11)
  4 oklob plants
  A cyclops (D:12)
  A guardian serpent (Lair:5)
  12 elephants
  9 black mambas
  An orange demon (Lair:1)
  A gargoyle (D:12)
  2 unseen horrors
  11 cane toads
  Maggie (D:7)
  2 rime drakes
  10 komodo dragons
  A troll (D:9)
  5 blink frogs (Lair:2)
  3 hornets (Lair:5)
  Grinder (D:6)
  A wraith (D:10)
  Sigmund (D:3)
  2 shadows (D:10)
  15 wyverns
  A basilisk (Lair:5)
  57 yaks
  A steam dragon (D:8)
  A redback (Lair:5)
  4 swamp worms (Lair:3)
  19 water moccasins
  Duvessa (D:4)
  A floating eye (Lair:3)
  A black bear (D:5)
  An ice beast (D:6)
  2 sky beasts
  8 orc warriors
  8 ogres
  5 centaurs
  18 wolves
  4 kobold brigands
  12 bullfrogs
  3 necrophages
  5 scorpions
  Dowan (D:4)
  7 howler monkeys
  3 jellies
  3 orc priests
  5 hounds (D:9)
  3 gnoll boudas
  Jessica (D:2)
  6 iguanas
  4 hell rats (Lair:4)
  12 orc wizards
  Robin (D:3)
  12 gnolls
  3 adders
  2 shadow imps
  A white imp (D:5)
  2 worms
  2 dart slugs (D:1)
  47 orcs
  5 ball pythons
  7 endoplasms
  5 giant cockroaches
  15 goblins
  7 hobgoblins
  4 jackals (D:4)
  2 quokkas
  3 bats
  4 frilled lizards
  12 kobolds
  6 rats
441 creatures vanquished.

Vanquished Creatures (collateral kills)
  A hydra (Lair:4)
  A basilisk (D:12)
  2 hell rats (Lair:4)
4 creatures vanquished.

Vanquished Creatures (others)
  26 fungi
  64 plants
90 creatures vanquished.

Grand Total: 535 creatures vanquished

Notes
Turn   | Place    | Note
-------+----------+-------------------------------------------
     0 | D:1      | qw the Minotaur Berserker began the quest for the Orb.
     0 | D:1      | Reached XP level 1. HP: 19/19 MP: 0/0
     0 | D:1      | 0 ||| qw: Version: 0.1-a-103-gd6f5d3a
     0 | D:1      | 0 ||| qw: Game counter: 5618
     0 | D:1      | 0 ||| qw: Always use a shield: true
     0 | D:1      | 0 ||| qw: Do Orc after D:15 true
     0 | D:1      | 0 ||| qw: Do second Lair branch before Depths: true
     0 | D:1      | 0 ||| qw: Lair rune preference: random
     0 | D:1      | 0 ||| qw: Plans: Normal
     0 | D:1      | 0 ||| PLANNING D:1-11
    61 | D:1      | 61 ||| Stepping ~*~*~tactically~*~*~ (stealth).
    69 | D:1      | 69 ||| Stepping ~*~*~tactically~*~*~ (stealth).
    75 | D:1      | Reached skill level 4 in Axes
   142 | D:1      | 142 ||| Stepping ~*~*~tactically~*~*~ (stealth).
   144 | D:1      | 144 ||| Stepping ~*~*~tactically~*~*~ (stealth).
   169 | D:1      | Reached XP level 2. HP: 16/26 MP: 1/1
   383 | D:1      | 383 ||| Stepping ~*~*~tactically~*~*~ (hiding).
   975 | D:1      | 975 ||| Stepping ~*~*~tactically~*~*~ (stealth).
   979 | D:1      | 979 ||| Stepping ~*~*~tactically~*~*~ (stealth).
   981 | D:1      | 981 ||| Stepping ~*~*~tactically~*~*~ (stealth).
   983 | D:1      | Reached skill level 5 in Axes
  1019 | D:1      | Reached XP level 3. HP: 31/31 MP: 2/2
  1073 | D:1      | Reached ** piety under Trog
  1180 | D:1      | 1180 ||| Stepping ~*~*~tactically~*~*~ (hiding).
  1343 | D:1      | Found a faded altar of an unknown god.
  1384 | D:1      | 1384 ||| UPGRADING to +0 chain mail.
  1394 | D:1      | 1394 ||| DROPPING +0 animal skin.
  1395 | D:1      | 1395 ||| UPGRADING to +0 pair of boots.
  1400 | D:1      | 1400 ||| UPGRADING to ring of protection from fire.
  1401 | D:1      | 1401 ||| READING scroll labelled QUISOZXYTI.
  1405 | D:1      | 1405 ||| READING scroll labelled MAXIARE ZORU.
  1512 | D:2      | Noticed Jessica
  1516 | D:2      | 1516 ||| Stepping ~*~*~tactically~*~*~ (hiding).
  1517 | D:2      | 1517 ||| Stepping ~*~*~tactically~*~*~ (hiding).
  1519 | D:2      | 1519 ||| Stepping ~*~*~tactically~*~*~ (hiding).
  1525 | D:2      | Killed Jessica
  1526 | D:2      | Reached skill level 6 in Axes
  1526 | D:2      | Reached XP level 4. HP: 39/39 MP: 3/3
  1602 | D:2      | 1602 ||| Stepping ~*~*~tactically~*~*~ (stealth).
  1603 | D:2      | 1603 ||| Stepping ~*~*~tactically~*~*~ (stealth).
  1688 | D:2      | Identified the +1 leather armour of Lugonu, Stopping
                  | {Dex+2}
  2062 | D:2      | 2062 ||| READING scroll labelled KOH RIUFY.
  2063 | D:2      | 2063 ||| READING scroll labelled XYLEGE LUOTZ.
  2064 | D:2      | 2064 ||| READING scroll labelled UCKACO XACK.
  2065 | D:2      | 2065 ||| READING scroll labelled PUXANE FOTTAETT.
  2066 | D:2      | 2066 ||| READING 2 scrolls labelled LIESKUL NOLLU.
  2067 | D:2      | 2067 ||| DRINKING 2 bubbling white potions.
  2108 | D:2      | 2108 ||| DROPPING potion of lignification.
  2109 | D:2      | 2109 ||| DROPPING scroll of summoning.
  2131 | D:3      | 2131 ||| STAIRDANCE
  2140 | D:2      | 2140 ||| DROPPING +0 club.
  2144 | D:3      | 2144 ||| STAIRDANCE
  2189 | D:3      | 2189 ||| STAIRDANCE
  2222 | D:3      | Noticed Robin
  2226 | D:3      | 2226 ||| INVOKING Berserk.
  2230 | D:3      | Killed Robin
  2240 | D:3      | Noticed Sigmund
  2250 | D:3      | Killed Sigmund
  2251 | D:3      | Reached skill level 8 in Axes
  2251 | D:3      | Reached XP level 5. HP: 32/45 MP: 4/4
  2251 | D:3      | Reached XP level 6. HP: 36/51 MP: 5/5
  2406 | D:3      | Found Hiocidar's Assorted Antiques.
  2416 | D:3      | 2416 ||| BUYING crude glass ring (100 gold).
  2416 | D:3      | Bought a crude glass ring for 100 gold pieces
  2416 | D:3      | Identified the ring "Ritut" {Wiz rPois} (You bought it in a
                  | shop on level 3 of the Dungeon)
  2416 | D:3      | 2416 ||| SHOPLISTING glowing flail (130 gold, have 70).
  2416 | D:3      | 2416 ||| BUYING scroll labelled VUARIJ SUMOIBAY (20 gold).
  2416 | D:3      | Bought a scroll labelled VUARIJ SUMOIBAY for 20 gold pieces
  2416 | D:3      | 2416 ||| BUYING scroll of identify (40 gold).
  2416 | D:3      | Bought a scroll of identify for 40 gold pieces
  2417 | D:3      | 2417 ||| INVOKING Berserk.
  2566 | D:3      | 2566 ||| DROPPING +2 whip of electrocution.
  2574 | D:3      | Identified the +2 ring mail of Wuaral {Int+4}
  3240 | D:3      | 3240 ||| DROPPING +2 ring mail of Wuaral {Int+4}.
  3241 | D:3      | 3241 ||| UPGRADING to +3 plate armour.
  3251 | D:3      | 3251 ||| DROPPING +0 chain mail.
  3252 | D:3      | 3252 ||| UPGRADING to ring "Ritut" {Wiz rPois}.
  3253 | D:3      | 3253 ||| READING scroll labelled JEUMAI BYAXATU.
  3254 | D:3      | 3254 ||| READING scroll labelled VUARIJ SUMOIBAY.
  3255 | D:3      | 3255 ||| DRINKING 2 murky blue potions.
  3256 | D:3      | 3256 ||| READING 3 scrolls of identify.
  3256 | D:3      | 3256 ||| IDENTIFYING fizzy emerald potion
  3257 | D:3      | 3257 ||| READING 2 scrolls of identify.
  3257 | D:3      | 3257 ||| IDENTIFYING grey potion
  3258 | D:3      | 3258 ||| DROPPING potion of ambrosia.
  3259 | D:3      | 3259 ||| DROPPING potion of magic.
  3302 | D:4      | 3302 ||| INVOKING Berserk.
  3311 | D:4      | Reached skill level 1 in Throwing
  3326 | D:4      | Reached *** piety under Trog
  3327 | D:4      | Reached skill level 3 in Armour
  3624 | D:4      | Noticed Dowan
  3625 | D:4      | Noticed Duvessa
  3628 | D:4      | 3628 ||| INVOKING Berserk.
  3637 | D:4      | Killed Duvessa
  3638 | D:4      | Reached skill level 3 in Throwing
  3638 | D:4      | Reached XP level 7. HP: 59/59 MP: 6/6
  3638 | D:4      | Killed Dowan
  3811 | D:4      | Found a sacrificial altar of Ru.
  3812 | D:4      | 3812 ||| READING 2 scrolls of teleportation.
  3921 | D:4      | 3921 ||| INVOKING Berserk.
  3924 | D:4      | Reached skill level 9 in Axes
  4059 | D:4      | Found a runed translucent door.
  4059 | D:4      | Noticed qw's ghost (amateur OgEn)
  4236 | D:4      | 4236 ||| Stepping ~*~*~tactically~*~*~ (stealth).
  4237 | D:4      | 4237 ||| Stepping ~*~*~tactically~*~*~ (stealth).
  4267 | D:4      | Found a hide-covered altar of Uskayaw.
  4275 | D:4      | 4275 ||| Stepping ~*~*~tactically~*~*~ (hiding).
  4606 | D:4      | 4606 ||| UPGRADING to +0 cloak.
  4611 | D:4      | 4611 ||| DRINKING 2 green potions.
  4612 | D:4      | 4612 ||| READING 3 scrolls of identify.
  4612 | D:4      | 4612 ||| IDENTIFYING orange potion
  4613 | D:4      | 4613 ||| READING 2 scrolls of identify.
  4613 | D:4      | 4613 ||| IDENTIFYING silvery potion
  4614 | D:4      | 4614 ||| DROPPING potion of degeneration.
  4615 | D:4      | 4615 ||| DROPPING potion of flight.
  4648 | D:5      | Entered Level 5 of the Dungeon
  4690 | D:5      | Found a burning altar of Makhleb.
  4713 | D:5      | 4713 ||| INVOKING Berserk.
  4875 | D:5      | Reached XP level 8. HP: 60/68 MP: 7/7
  4973 | D:5      | 4973 ||| INVOKING Berserk.
  4977 | D:5      | Reached skill level 10 in Axes
  5044 | D:5      | 5044 ||| Stepping ~*~*~tactically~*~*~ (stealth).
  5046 | D:5      | 5046 ||| Stepping ~*~*~tactically~*~*~ (stealth).
  5048 | D:5      | 5048 ||| Stepping ~*~*~tactically~*~*~ (hiding).
  5049 | D:5      | 5049 ||| INVOKING Berserk.
  5590 | D:5      | Found a staircase to the Ecumenical Temple.
  5748 | D:5      | 5748 ||| UPGRADING to +1 cloak.
  5758 | D:5      | 5758 ||| DROPPING +0 cloak.
  5759 | D:5      | 5759 ||| UPGRADING to +4 ring of protection.
  5761 | D:5      | 5761 ||| READING 2 scrolls labelled QYEZE PUPNAIDO.
  5762 | D:5      | 5762 ||| READING scroll of enchant armour.
  5762 | D:5      | 5762 ||| ENCHANTING +0 pair of boots.
  5763 | D:5      | 5763 ||| READING 2 scrolls labelled REWNUXADUFE.
  5764 | D:5      | 5764 ||| DRINKING 2 brown potions.
  5765 | D:5      | 5765 ||| DROPPING scroll of vulnerability.
  5820 | D:6      | Reached skill level 6 in Fighting
  5820 | D:6      | Found a shimmering altar of Xom.
  5822 | D:6      | Found a shimmering altar of Xom.
  5822 | D:6      | Found a shimmering altar of Xom.
  5822 | D:6      | Found a shimmering altar of Xom.
  5824 | D:6      | Found a shimmering altar of Xom.
  5824 | D:6      | Found a shimmering altar of Xom.
  5859 | D:6      | 5859 ||| INVOKING Berserk.
  5863 | D:6      | Reached skill level 11 in Axes
  5994 | D:6      | Found Yrysisim's Gadget Gallery.
  6003 | D:6      | 6003 ||| Stepping ~*~*~tactically~*~*~ (stealth).
  6136 | D:6      | Noticed Grinder
  6137 | D:6      | 6137 ||| Stepping ~*~*~tactically~*~*~ (stealth).
  6139 | D:6      | 6139 ||| INVOKING Trog's Hand.
  6143 | D:6      | 6143 ||| Stepping ~*~*~tactically~*~*~ (hiding).
  6150 | D:6      | 6150 ||| INVOKING Berserk.
  6158 | D:6      | Killed Grinder
  6159 | D:6      | Reached skill level 12 in Axes
  6159 | D:6      | Reached XP level 9. HP: 75/75 MP: 8/8
  6322 | D:6      | Found an ancient bone altar of Kikubaaqudgha.
  6427 | D:6      | 6427 ||| INVOKING Berserk.
  6429 | D:6      | Reached skill level 6 in Armour
  6549 | D:6      | Found an ornate altar of the Wu Jian Council.
  6666 | D:6      | 6666 ||| FLEEEEING.
  6667 | D:6      | 6667 ||| FLEEEEING.
  6668 | D:6      | 6668 ||| FLEEEEING.
  6669 | D:6      | 6669 ||| FLEEEEING.
  6670 | D:6      | 6670 ||| FLEEEEING.
  6671 | D:6      | 6671 ||| FLEEEEING.
  6672 | D:6      | 6672 ||| FLEEEEING.
  6673 | D:6      | 6673 ||| FLEEEEING.
  6674 | D:6      | 6674 ||| FLEEEEING.
  6676 | D:6      | 6676 ||| FLEEEEING.
  6677 | D:6      | 6677 ||| FLEEEEING.
  6678 | D:6      | 6678 ||| FLEEEEING.
  6679 | D:6      | 6679 ||| FLEEEEING.
  6680 | D:6      | 6680 ||| FLEEEEING.
  6681 | D:6      | 6681 ||| FLEEEEING.
  6682 | D:6      | 6682 ||| FLEEEEING.
  6683 | D:6      | 6683 ||| FLEEEEING.
  6684 | D:6      | 6684 ||| FLEEEEING.
  6685 | D:6      | 6685 ||| FLEEEEING.
  6806 | D:6      | Found Dipan's Weapon Boutique.
  6811 | D:6      | 6811 ||| SHOPLISTING +1 demon whip of freezing (340 gold,
                  | have 287).
  6924 | D:6      | 6924 ||| READING scroll labelled NIADDAHUEW.
  6925 | D:6      | 6925 ||| READING 3 scrolls of identify.
  6925 | D:6      | 6925 ||| IDENTIFYING white potion
  6926 | D:6      | 6926 ||| DROPPING potion of brilliance.
  7025 | D:7      | Noticed Maggie
  7026 | D:7      | 7026 ||| INVOKING Berserk.
  7043 | D:7      | Killed Maggie
  7127 | D:7      | Reached skill level 13 in Axes
  7168 | D:7      | 7168 ||| SWAPPING to +0 broad axe.
  7169 | D:7      | 7169 ||| DROPPING +0 hand axe.
  7296 | D:7      | 7296 ||| Stepping ~*~*~tactically~*~*~ (stealth).
  7334 | D:7      | 7334 ||| FLEEEEING.
  7335 | D:7      | 7335 ||| FLEEEEING.
  7336 | D:7      | 7336 ||| FLEEEEING.
  7337 | D:7      | 7337 ||| FLEEEEING.
  7338 | D:7      | 7338 ||| FLEEEEING.
  7339 | D:7      | 7339 ||| FLEEEEING.
  7340 | D:7      | 7340 ||| FLEEEEING.
  7341 | D:7      | 7341 ||| FLEEEEING.
  7342 | D:7      | 7342 ||| FLEEEEING.
  7343 | D:7      | 7343 ||| FLEEEEING.
  7344 | D:7      | 7344 ||| FLEEEEING.
  7345 | D:7      | 7345 ||| FLEEEEING.
  7424 | D:7      | 7424 ||| Stepping ~*~*~tactically~*~*~ (hiding).
  7425 | D:7      | 7425 ||| Stepping ~*~*~tactically~*~*~ (hiding).
  7431 | D:7      | 7431 ||| Stepping ~*~*~tactically~*~*~ (hiding).
  7433 | D:7      | 7433 ||| INVOKING Berserk.
  8032 | D:7      | Found a runed translucent door.
  8033 | D:7      | Noticed Crazy Yiuf
  8036 | D:7      | 8036 ||| DROPPING ring of flight.
  8037 | D:7      | 8037 ||| DRINKING 3 fuming clear potions.
  8142 | D:7      | 8142 ||| READING 7 scrolls of identify.
  8142 | D:7      | 8142 ||| IDENTIFYING murky purple potion
  8143 | D:7      | 8143 ||| READING 6 scrolls of identify.
  8143 | D:7      | 8143 ||| IDENTIFYING emerald potion
  8144 | D:7      | 8144 ||| READING 5 scrolls of identify.
  8144 | D:7      | 8144 ||| IDENTIFYING fuming yellow potion
  8145 | D:7      | 8145 ||| DROPPING 2 potions of berserk rage.
  8193 | D:8      | 8193 ||| Stepping ~*~*~tactically~*~*~ (hiding).
  8194 | D:8      | 8194 ||| INVOKING Berserk.
  8344 | D:8      | 8344 ||| Stepping ~*~*~tactically~*~*~ (hiding).
  8348 | D:8      | 8348 ||| DRINKING 3 potions of curing.
  8348 | D:8      | 8348 ||| (to cure confusion)
  8574 | D:8      | 8574 ||| Stepping ~*~*~tactically~*~*~ (stealth).
  8701 | D:8      | 8701 ||| Stepping ~*~*~tactically~*~*~ (stealth).
  8706 | D:8      | 8706 ||| Stepping ~*~*~tactically~*~*~ (stealth).
  8708 | D:8      | 8708 ||| Stepping ~*~*~tactically~*~*~ (stealth).
  8716 | D:8      | Reached XP level 10. HP: 69/88 MP: 9/9
  8718 | D:8      | Reached skill level 14 in Axes
  8860 | D:8      | 8860 ||| Stepping ~*~*~tactically~*~*~ (stealth).
  8913 | D:8      | Found a radiant altar of Vehumet.
  8980 | D:8      | Noticed Erica
  8982 | D:8      | 8982 ||| Stepping ~*~*~tactically~*~*~ (hiding).
  8984 | D:8      | 8984 ||| INVOKING Berserk.
  8995 | D:8      | Killed Erica
  9232 | D:8      | 9232 ||| READING scroll labelled VIOGOYMAISM.
  9454 | D:9      | Reached skill level 15 in Axes
  9521 | D:9      | Found a staircase to the Lair.
  9536 | D:9      | Reached **** piety under Trog
  9669 | D:9      | Found a stormy altar of Qazlal.
  9695 | D:9      | 9695 ||| INVOKING Berserk.
  9697 | D:9      | Reached skill level 9 in Fighting
  9863 | D:9      | 9863 ||| Stepping ~*~*~tactically~*~*~ (stealth).
  9870 | D:9      | Reached skill level 3 in Dodging
  9879 | D:9      | 9879 ||| INVOKING Berserk.
  9882 | D:9      | Noticed Gastronok
  9902 | D:9      | Killed Gastronok
  9903 | D:9      | Reached skill level 9 in Armour
  9903 | D:9      | Reached XP level 11. HP: 68/97 MP: 10/10
 10033 | D:9      | 10033 ||| Stepping ~*~*~tactically~*~*~ (hiding).
 10034 | D:9      | 10034 ||| Stepping ~*~*~tactically~*~*~ (hiding).
 10042 | D:9      | 10042 ||| INVOKING Berserk.
 10344 | D:9      | 10344 ||| FLEEEEING.
 10350 | D:9      | 10350 ||| FLEEEEING.
 10351 | D:9      | 10351 ||| FLEEEEING.
 10360 | D:9      | 10360 ||| FLEEEEING.
 10361 | D:9      | 10361 ||| FLEEEEING.
 10365 | D:9      | 10365 ||| INVOKING Berserk.
 10627 | D:9      | Found a staircase to the Orcish Mines.
 10714 | D:9      | 10714 ||| INVOKING Berserk.
 10891 | D:9      | 10891 ||| PLANNING LAIR
 10891 | D:9      | 10891 ||| UPGRADING to +3 hat of Pondering {ponderous,
                  | Will+ MP+10 Int+5}.
 10896 | D:9      | 10896 ||| UPGRADING to +1 plate armour of cold resistance.
 10955 | D:9      | 10955 ||| READING 2 scrolls labelled LAZIKIL MELAU.
 11056 | D:9      | 11056 ||| READING 5 scrolls of identify.
 11056 | D:9      | 11056 ||| IDENTIFYING red potion
 11057 | D:9      | 11057 ||| READING 4 scrolls of identify.
 11057 | D:9      | 11057 ||| IDENTIFYING fuming orange potion
 11058 | D:9      | 11058 ||| DROPPING potion of attraction.
 11059 | D:9      | 11059 ||| DROPPING scroll of silence.
 11060 | D:9      | 11060 ||| DROPPING potion of invisibility.
 11129 | Lair:1   | Entered Level 1 of the Lair of Beasts
 11314 | Lair:1   | 11314 ||| INVOKING Berserk.
 11316 | Lair:1   | Reached skill level 16 in Axes
 11416 | Lair:1   | 11416 ||| Stepping ~*~*~tactically~*~*~ (stealth).
 11419 | Lair:1   | 11419 ||| Stepping ~*~*~tactically~*~*~ (stealth).
 11501 | Lair:1   | Found a sacrificial altar of Ru.
 11536 | Lair:1   | Noticed Amaemon
 11540 | Lair:1   | 11540 ||| INVOKING Berserk.
 11550 | Lair:1   | Killed Amaemon
 11550 | Lair:1   | Noticed a catoblepas
 11561 | Lair:1   | Killed a catoblepas
 11576 | Lair:1   | Reached skill level 17 in Axes
 11684 | Lair:1   | 11684 ||| DROPPING +0 morningstar.
 12098 | Lair:1   | Found a blossoming altar of Fedhas.
 12100 | Lair:1   | Noticed an oklob plant
 12101 | Lair:1   | Noticed an oklob plant
 12102 | Lair:1   | 12102 ||| INVOKING Berserk.
 12109 | Lair:1   | Killed an oklob plant
 12114 | Lair:1   | Killed an oklob plant
 12528 | Lair:2   | 12528 ||| INVOKING Berserk.
 12704 | Lair:2   | 12704 ||| Stepping ~*~*~tactically~*~*~ (stealth).
 12705 | Lair:2   | 12705 ||| INVOKING Berserk.
 12722 | Lair:2   | Reached skill level 18 in Axes
 12869 | Lair:2   | Noticed an eight-headed hydra
 12870 | Lair:2   | 12870 ||| INVOKING Brothers in Arms.
 12871 | Lair:2   | 12871 ||| INVOKING Brothers in Arms.
 12872 | Lair:2   | 12872 ||| INVOKING Brothers in Arms.
 12873 | Lair:2   | 12873 ||| INVOKING Brothers in Arms.
 12874 | Lair:2   | 12874 ||| SWAPPING to -1 demon whip of venom.
 12875 | Lair:2   | 12875 ||| INVOKING Berserk.
 12876 | Lair:2   | Killed an eight-headed hydra
 12877 | Lair:2   | Reached XP level 12. HP: 108/108 MP: 11/11
 12889 | Lair:2   | 12889 ||| SWAPPING to +0 broad axe.
 13479 | Lair:2   | 13479 ||| UPGRADING to +0 kite shield.
 13522 | Lair:3   | Reached skill level 1 in Shields
 13530 | Lair:3   | Found a hole to the Spider Nest.
 13624 | Lair:3   | Reached skill level 3 in Shields
 13802 | Lair:3   | 13802 ||| Stepping ~*~*~tactically~*~*~ (stealth).
 13809 | Lair:3   | Found a staircase to the Swamp.
 13810 | Lair:3   | 13810 ||| Stepping ~*~*~tactically~*~*~ (hiding).
 13813 | Lair:3   | 13813 ||| INVOKING Berserk.
 13895 | Lair:3   | Found a runed translucent gate.
 13907 | Lair:3   | 13907 ||| INVOKING Berserk.
 14034 | Lair:3   | Noticed a death yak
 14038 | Lair:3   | Noticed a death yak
 14039 | Lair:3   | 14039 ||| INVOKING Berserk.
 14040 | Lair:3   | Noticed a death yak
 14044 | Lair:3   | Killed a death yak
 14045 | Lair:3   | Reached skill level 6 in Shields
 14045 | Lair:3   | Noticed a death yak
 14050 | Lair:3   | Killed a death yak
 14055 | Lair:3   | Killed a death yak
 14063 | Lair:3   | Killed a death yak
 14239 | Lair:3   | Paralysed by a floating eye for 3 turns
 14249 | Lair:3   | 14249 ||| INVOKING Berserk.
 14518 | Lair:3   | Found a transporter.
 14519 | Lair:3   | Noticed a boulder beetle
 14520 | Lair:3   | Found a transporter.
 14583 | Lair:3   | Found a runed translucent gate.
 14583 | Lair:3   | Found a runed translucent gate.
 14583 | Lair:3   | Noticed qw's ghost (journeyman FoCA)
 14801 | Lair:3   | 14801 ||| DROPPING +6 ring of intelligence.
 14802 | Lair:3   | 14802 ||| READING scroll labelled XANEUL VIVUGY.
 14803 | Lair:3   | 14803 ||| READING scroll labelled ZETSITHR LORAFE.
 14842 | Lair:4   | 14842 ||| INVOKING Berserk.
 14848 | Lair:4   | Reached skill level 9 in Shields
 14975 | Lair:4   | 14975 ||| Stepping ~*~*~tactically~*~*~ (stealth).
 14981 | Lair:4   | Noticed a four-headed hydra
 14982 | Lair:4   | 14982 ||| INVOKING Brothers in Arms.
 14983 | Lair:4   | 14983 ||| INVOKING Brothers in Arms.
 14984 | Lair:4   | 14984 ||| INVOKING Brothers in Arms.
 14985 | Lair:4   | 14985 ||| INVOKING Brothers in Arms.
 14986 | Lair:4   | 14986 ||| SWAPPING to -1 demon whip of venom.
 14988 | Lair:4   | 14988 ||| INVOKING Berserk.
 14992 | Lair:4   | Killed a four-headed hydra
 15146 | Lair:4   | 15146 ||| SWAPPING to +1 broad axe of freezing.
 15246 | Lair:4   | 15246 ||| Stepping ~*~*~tactically~*~*~ (stealth).
 15247 | Lair:4   | 15247 ||| Stepping ~*~*~tactically~*~*~ (stealth).
 15248 | Lair:4   | 15248 ||| Stepping ~*~*~tactically~*~*~ (stealth).
 15255 | Lair:4   | 15255 ||| Stepping ~*~*~tactically~*~*~ (stealth).
 15434 | Lair:4   | Found a staircase to the Slime Pits.
 15469 | Lair:4   | 15469 ||| Stepping ~*~*~tactically~*~*~ (stealth).
 15524 | Lair:4   | 15524 ||| Stepping ~*~*~tactically~*~*~ (stealth).
 15525 | Lair:4   | Noticed a seven-headed hydra
 15526 | Lair:4   | 15526 ||| Stepping ~*~*~tactically~*~*~ (stealth).
 15527 | Lair:4   | 15527 ||| Stepping ~*~*~tactically~*~*~ (stealth).
 15531 | Lair:4   | 15531 ||| INVOKING Brothers in Arms.
 15532 | Lair:4   | 15532 ||| INVOKING Brothers in Arms.
 15535 | Lair:4   | 15535 ||| SWAPPING to -1 demon whip of venom.
 15536 | Lair:4   | 15536 ||| Stepping ~*~*~tactically~*~*~ (outnumbered).
 15537 | Lair:4   | 15537 ||| SWAPPING to +1 broad axe of freezing.
 15538 | Lair:4   | 15538 ||| SWAPPING to -1 demon whip of venom.
 15539 | Lair:4   | 15539 ||| INVOKING Berserk.
 15551 | Lair:4   | Killed a seven-headed hydra
 15609 | Lair:4   | 15609 ||| SWAPPING to +1 broad axe of freezing.
 15927 | Lair:4   | 15927 ||| READING scroll labelled HEDUCVOIWA.
 15948 | Lair:5   | Entered Level 5 of the Lair of Beasts
 15949 | Lair:5   | 15949 ||| PLANNING GAUNTLET
 15952 | Lair:5   | 15952 ||| INVOKING Berserk.
 16080 | Lair:5   | Noticed a four-headed hydra
 16082 | Lair:5   | 16082 ||| SWAPPING to -1 demon whip of venom.
 16084 | Lair:5   | 16084 ||| INVOKING Berserk.
 16088 | Lair:5   | Killed a four-headed hydra
 16103 | Lair:5   | 16103 ||| SWAPPING to +1 broad axe of freezing.
 16230 | Lair:5   | Found a dark tunnel.
 16303 | Lair:5   | 16303 ||| Stepping ~*~*~tactically~*~*~ (stealth).
 16307 | Lair:5   | 16307 ||| Stepping ~*~*~tactically~*~*~ (stealth).
 16309 | Lair:5   | Reached XP level 13. HP: 116/116 MP: 12/12
 16310 | Lair:5   | 16310 ||| Stepping ~*~*~tactically~*~*~ (stealth).
 16314 | Lair:5   | 16314 ||| Stepping ~*~*~tactically~*~*~ (stealth).
 16395 | Lair:5   | Found a shimmering blue altar of Sif Muna.
 16411 | Lair:5   | Found a gate leading to a gauntlet.
 16412 | Lair:5   | 16412 ||| Stepping ~*~*~tactically~*~*~ (stealth).
 16414 | Lair:5   | 16414 ||| Stepping ~*~*~tactically~*~*~ (stealth).
 16415 | Lair:5   | 16415 ||| Stepping ~*~*~tactically~*~*~ (stealth).
 16425 | Lair:5   | Reached skill level 12 in Shields
 16455 | Lair:5   | 16455 ||| FLEEEEING.
 16456 | Lair:5   | 16456 ||| FLEEEEING.
 16457 | Lair:5   | 16457 ||| FLEEEEING.
 16458 | Lair:5   | 16458 ||| FLEEEEING.
 16459 | Lair:5   | 16459 ||| FLEEEEING.
 16460 | Lair:5   | 16460 ||| FLEEEEING.
 16461 | Lair:5   | 16461 ||| INVOKING Berserk.
 16603 | Lair:5   | 16603 ||| INVOKING Berserk.
 16745 | Lair:5   | 16745 ||| Stepping ~*~*~tactically~*~*~ (stealth).
 16746 | Lair:5   | 16746 ||| Stepping ~*~*~tactically~*~*~ (stealth).
 16763 | Lair:5   | Reached skill level 12 in Fighting
 16861 | Lair:5   | 16861 ||| FLEEEEING.
 16926 | Lair:5   | 16926 ||| DRINKING potion of cancellation.
 17090 | Lair:5   | 17090 ||| RIP GAUNTLET
 17090 | Lair:5   | 17090 ||| PLANNING LAIR
 17091 | Lair:5   | 17091 ||| INVOKING Berserk.
 17217 | Lair:5   | 17217 ||| Stepping ~*~*~tactically~*~*~ (stealth).
 17219 | Lair:5   | 17219 ||| Stepping ~*~*~tactically~*~*~ (stealth).
 17302 | Lair:5   | 17302 ||| Stepping ~*~*~tactically~*~*~ (stealth).
 17488 | Lair:5   | 17488 ||| INVOKING Brothers in Arms.
 17490 | Lair:5   | 17490 ||| SWAPPING to -1 demon whip of venom.
 17491 | Lair:5   | 17491 ||| INVOKING Berserk.
 17501 | Lair:5   | 17501 ||| SWAPPING to +1 broad axe of freezing.
 17674 | Lair:5   | 17674 ||| INVOKING Berserk.
 17785 | Lair:5   | 17785 ||| INVOKING Brothers in Arms.
 17787 | Lair:5   | 17787 ||| SWAPPING to -1 demon whip of venom.
 17788 | Lair:5   | 17788 ||| INVOKING Berserk.
 17794 | Lair:5   | 17794 ||| SWAPPING to +1 broad axe of freezing.
 17868 | Lair:5   | 17868 ||| Stepping ~*~*~tactically~*~*~ (stealth).
 18004 | Lair:5   | 18004 ||| INVOKING Berserk.
 18207 | Lair:5   | Reached skill level 12 in Armour
 18291 | Lair:5   | 18291 ||| PLANNING D:1-11
 18291 | Lair:5   | 18291 ||| READING 8 scrolls of identify.
 18291 | Lair:5   | 18291 ||| IDENTIFYING fuming green potion
 18424 | D:10     | Entered Level 10 of the Dungeon
 18438 | D:10     | 18438 ||| Stepping ~*~*~tactically~*~*~ (hiding).
 18516 | D:10     | 18516 ||| Stepping ~*~*~tactically~*~*~ (stealth).
 18593 | D:10     | Found a glowing silver altar of Zin.
 18613 | D:10     | 18613 ||| Stepping ~*~*~tactically~*~*~ (stealth).
 18711 | D:10     | Found a blossoming altar of Fedhas.
 18779 | D:10     | Found a bloodstained altar of Trog.
 18779 | D:10     | Found an iron altar of Okawaru.
 18783 | D:10     | 18783 ||| INVOKING Berserk.
 18909 | D:10     | 18909 ||| Stepping ~*~*~tactically~*~*~ (stealth).
 18911 | D:10     | 18911 ||| Stepping ~*~*~tactically~*~*~ (stealth).
 18913 | D:10     | 18913 ||| Stepping ~*~*~tactically~*~*~ (stealth).
 18919 | D:10     | 18919 ||| Stepping ~*~*~tactically~*~*~ (stealth).
 18930 | D:10     | Found a broken altar of Ashenzari.
 18932 | D:10     | 18932 ||| Stepping ~*~*~tactically~*~*~ (stealth).
 18933 | D:10     | 18933 ||| Stepping ~*~*~tactically~*~*~ (stealth).
 18938 | D:10     | 18938 ||| Stepping ~*~*~tactically~*~*~ (stealth).
 18943 | D:10     | 18943 ||| Stepping ~*~*~tactically~*~*~ (stealth).
 18945 | D:10     | 18945 ||| Stepping ~*~*~tactically~*~*~ (stealth).
 18957 | D:10     | Reached XP level 14. HP: 128/129 MP: 13/13
 19183 | D:10     | Found a shadowy altar of Dithmenos.
 19218 | D:10     | 19218 ||| Stepping ~*~*~tactically~*~*~ (stealth).
 19226 | D:10     | 19226 ||| Stepping ~*~*~tactically~*~*~ (stealth).
 19234 | D:10     | 19234 ||| Stepping ~*~*~tactically~*~*~ (stealth).
 19235 | D:10     | 19235 ||| Stepping ~*~*~tactically~*~*~ (stealth).
 19462 | D:11     | 19462 ||| Stepping ~*~*~tactically~*~*~ (stealth).
 19465 | D:11     | 19465 ||| Stepping ~*~*~tactically~*~*~ (stealth).
 19469 | D:11     | 19469 ||| Stepping ~*~*~tactically~*~*~ (stealth).
 19499 | D:11     | 19499 ||| FLEEEEING.
 19520 | D:11     | 19520 ||| FLEEEEING.
 19525 | D:11     | Reached ***** piety under Trog
 19526 | D:11     | 19526 ||| INVOKING Brothers in Arms.
 19527 | D:11     | 19527 ||| INVOKING Berserk.
 19774 | D:11     | 19774 ||| Stepping ~*~*~tactically~*~*~ (hiding).
 19775 | D:11     | 19775 ||| Stepping ~*~*~tactically~*~*~ (hiding).
 19776 | D:11     | 19776 ||| Stepping ~*~*~tactically~*~*~ (hiding).
 20244 | D:11     | Reached skill level 6 in Throwing
 20736 | D:11     | 20736 ||| READING scroll of brand weapon.
 20736 | D:11     | 20736 ||| BRANDING +1 broad axe of freezing.
 20764 | D:11     | 20764 ||| PLANNING D
 20802 | D:12     | Noticed a frost giant
 20808 | D:12     | Found a transporter.
 20811 | D:12     | 20811 ||| Stepping ~*~*~tactically~*~*~ (stealth).
 20816 | D:12     | 20816 ||| Stepping ~*~*~tactically~*~*~ (stealth).
 20820 | D:12     | 20820 ||| Stepping ~*~*~tactically~*~*~ (hiding).
 20940 | D:12     | Identified a scroll of acquirement
 20942 | D:12     | 20942 ||| Stepping ~*~*~tactically~*~*~ (hiding).
 20943 | D:12     | 20943 ||| INVOKING Brothers in Arms.
 20954 | D:12     | 20954 ||| DRINKING 5 potions of curing.
 20954 | D:12     | 20954 ||| (to cure confusion)
 20957 | D:12     | 20957 ||| INVOKING Brothers in Arms.
 20978 | D:12     | Noticed Erolcha
 20979 | D:12     | 20979 ||| INVOKING Trog's Hand.
 20983 | D:12     | 20983 ||| INVOKING Berserk.
 20986 | D:12     | Killed Erolcha
 21001 | D:12     | 21001 ||| SWAPPING to -1 demon whip of venom.
 21003 | D:12     | Noticed Jorgrun
 21011 | D:12     | Noticed Frances
 21012 | D:12     | HP: 30/132 [six-headed hydra[an orange crystal statue] (9)]
 21013 | D:12     | 21013 ||| READING 4 scrolls of teleportation.
 21013 | D:12     | HP: 9/132 [constriction (14)]
 21013 | D:12     | HP: 2/132 [six-headed hydra[an orange crystal statue] (6)]
 21013 | D:12     | Mangled by a six-headed hydra

Levels and vault maps discovered:
D:1:      ebering_trefoil_3fold, layout_basic,
          dilly_ecumenical_altar_fadedgnrine, minmay_stone_trees_small,
          minivault_25, minmay_worlds_worst_comb
D:2:      layout_basic, uniq_jessica
D:3:      layout_basic, serial_shops, nicolae_shop_overgrown_old_shop,
          minmay_misc_feat_more_columns, uniq_sigmund, uniq_robin
D:4:      layout_loops_ring, old_standard_altar, kennysheep_little_box,
          hellmonk_ghost_happy_afterlife, uniq_duvessa
D:5:      layout_basic, mainiacjoe_overflow_catwalk, minmay_temple_entry_glass,
          chequers_jeans
D:6:      layout_loops_ring, amcnicky_altar_gilded, mainiacjoe_overflow_paths,
          xom_redecorated, serial_shops, nicolae_diamond_shop,
          nicolae_shop_gadgets, uniq_grinder
D:7:      layout_basic, hangedman_decor_peaks_small, uniq_crazy_yiuf_cottage,
          uniq_maggie
D:8:      layout_basic, nicolae_overflow_crystal_walls, serial_rivers,
          chequers_serial_rivers_micro_e, chequers_serial_rivers_room_b,
          chequers_serial_rivers_small_a, chequers_serial_rivers_micro_d,
          uniq_erica
D:9:      kennysheep_seaside_town, layout_basic,
          nicolae_qazlal_eye_of_the_storm, erik_lair_island, orc_0_dummy,
          uniq_gastronok
D:10:     layout_loops_cross, grunt_temple_overflow_bloody_war,
          fedhas_altar_fruit_tree, kennysheep_mini_moat,
          grunt_dithmenos_shadows, mainiacjoe_overflow_tiny_flanked,
          st_stairs_10, hangedman_decor_clover_reticule
D:11:     layout_grid_maze
D:12:     gammafunk_sealed_arena, layout_basic,
          amcnicky_mini_rare_corridor_liquid, minmay_protected_statue,
          uniq_frances, uniq_jorgrun, uniq_erolcha
Lair:1:   layout_small_grid, basic_altar, minivault_27, hangedman_tree_tricks,
          uniq_amaemon
Lair:2:   layout_roguey
Lair:3:   gammafunk_boulding_lane, layout_big_grid, minmay_swamp_entry_worms,
          spider_nest_entry_a, gammafunk_ghost_necromancy, disabler_island,
          grunt_megastairs_3
Lair:4:   hellmonk_ruined_rings, layout_regular_city, slime_entry_1
Lair:5:   hangedman_lair_tendril_chambers, layout_cave_pods,
          gauntlet_entry_generic, basic_altar, enter_volcano_4, st_stairs_12,
          chequers_serial_rivers_small_b

Skill      XL: |  1  2  3  4  5  6  7  8  9 10 11 12 13 14 |
---------------+-------------------------------------------+-----
Axes           | 4 5 6 8 9 12 13 15 18 | 18.0
Fighting       | 4 5 6 8 9 10 11 13 14 | 14.0
Throwing       | 3 4 5 6 |  6.0
Armour         | 3 4 5 7 9 12 | 12.0
Dodging        | 3 5 |  5.0
Shields        | 11 13 14 | 14.0

Action                   |  1- 3 |  4- 6 |  7- 9 | 10-12 | 13-15 || total
-------------------------+-------+-------+-------+-------+-------++-------
Melee: Hand axe          |    79 |    99 |   128 |       |       ||   306
       Headbutt          |     9 |    15 |    36 |    79 |    82 ||   221
       Punch             |       |     5 |     4 |     3 |       ||    12
       Broad axe         |       |       |    88 |   352 |   361 ||   801
       Demon whip        |       |       |       |    28 |    16 ||    44
Throw: Javelin           |       |    13 |    51 |    24 |    34 ||   122
       Boomerang         |       |       |    31 |    77 |    35 ||   143
Invok: Berserk           |       |     4 |    10 |    21 |    10 ||    45
       Trog's Hand       |       |       |     1 |       |     1 ||     2
       Brothers in Arms  |       |       |       |     3 |     5 ||     8
  Use: Scroll            |     2 |     9 |    11 |     7 |     3 ||    32
       Potion            |       |     2 |     4 |       |     2 ||     8
 Stab: Distracted        |       |       |       |       |     1 ||     1
Armor: Animal skin       |     5 |       |       |       |       ||     5
       Chain mail        |     1 |    22 |       |       |       ||    23
       Plate armour      |       |    26 |   105 |   179 |   220 ||   530
Dodge: Dodged            |    39 |    28 |    52 |   133 |    88 ||   340
Block: Kite shield       |       |       |       |    51 |   189 ||   240

Table legend:
 A = Non-vault XP
 B = Vault XP
 C = Vault XP percentage of total XP
 D = Non-vault monster count
 E = Vault monster count
 F = Vault count percentage of total count
                 A         B        C        D         E       F
            +---------+---------+-------+---------+---------+-------
      Total |   49237 |   25044 |  33.7 |     336 |     109 |  24.5
            +---------+---------+-------+---------+---------+-------
        D:1 |      51 |       4 |   7.3 |      29 |       2 |   6.5
        D:2 |      53 |      37 |  41.1 |      14 |       1 |   6.7
        D:3 |     104 |     250 |  70.6 |      14 |      13 |  48.1
        D:4 |     394 |     222 |  36.0 |      28 |       2 |   6.7
        D:5 |     753 |       0 |   0.0 |      12 |       0 |   0.0
        D:6 |    1286 |     262 |  16.9 |      17 |       1 |   5.6
        D:7 |     809 |     389 |  32.5 |      25 |       1 |   3.8
        D:8 |    2145 |     844 |  28.2 |      25 |       1 |   3.8
        D:9 |    1033 |    3817 |  78.7 |       9 |      32 |  78.0
       D:10 |    4267 |     696 |  14.0 |      19 |       4 |  17.4
       D:11 |    5341 |       0 |   0.0 |      25 |       0 |   0.0
       D:12 |    2002 |     871 |  30.3 |       8 |       1 |  11.1
     Lair:1 |    3789 |    2266 |  37.4 |      19 |       4 |  17.4
     Lair:2 |    3646 |       0 |   0.0 |      13 |       0 |   0.0
     Lair:3 |    2356 |    5160 |  68.7 |      11 |      11 |  50.0
     Lair:4 |    6604 |       0 |   0.0 |      23 |       0 |   0.0
     Lair:5 |   14604 |   10226 |  41.2 |      45 |      36 |  44.4
            +---------+---------+-------+---------+---------+-------
